 Dungeon Crawl Stone Soup version 0.23-a0-338-g8ff0b24 (webtiles) character file.

114 MisterFreud the Scratcher (level 4, 0/19 HPs)
             Began as a Felid Artificer on Oct 18, 2018.
             Succumbed to an adder's poison
             ... on level 3 of the Dungeon.
             The game lasted 00:06:27 (3536 turns).

MisterFreud the Scratcher (Felid Artificer)         Turns: 3536, Time: 00:06:27

Health: 0/19       AC:  1    Str:  6    XL:     4   Next: 67%
Magic:  8/8        EV: 18    Int: 15    God:
Gold:   76         SH:  0    Dex: 17    Spells: 3/3 levels left
                                        Lives:  0   Deaths: 1

rFire    . . .     SeeInvis +     - Unarmed
rCold    . . .     Gourm    .   (shield unavailable)
rNeg     . . .     Faith    .   (armour unavailable)
rPois    .         Spirit   .   (helmet unavailable)
rElec    .         Reflect  .   (cloak unavailable)
rCorr    .         Harm     .   (gloves unavailable)
MR       .....                  (boots unavailable)
Stlth    +++.......             (no amulet)
HPRegen  0.06/turn              l - +3 ring of intelligence
MPRegen  0.11/turn              q - -3 ring of strength (curse)

@: lethally poisoned (0 -> -11), quick
A: very small, no armour, no weapons or thrown items, stealth, claws 1, fangs 3,
see invisible, carnivore, speed 1, shaggy fur 1, slow metabolism 1, sharp paws
a: no special abilities


You were on level 3 of the Dungeon.
You were full.

You visited 1 branch of the dungeon, and saw 3 of its levels.

You collected 76 gold pieces.

Inventory:

Jewellery
 l - a +3 ring of intelligence (left paw)
 q - a cursed -3 ring of strength (right paw)
Wands
 a - a wand of flame (7)
 b - a wand of enslavement (15)
 c - a wand of random effects (13)
Scrolls
 m - a scroll of amnesia
Potions
 f - 2 potions of heal wounds
 i - a potion of might {unknown}
 j - a potion of curing {unknown}
 n - 2 potions of haste
Comestibles
 d - 8 rations


   Skills:
 - Level 1.0 Fighting
 - Level 2.6 Dodging
 - Level 4.0 Stealth
 + Level 4.2 Unarmed Combat
 - Level 4.0 Evocations


You had 3 spell levels left.
You didn't know any spells.
Your spell library contained the following spells:

 Spells                   Type           Power        Failure   Level  Hunger
 Animate Skeleton         Necr           N/A          26%         1    ##.....
 Apportation              Tloc           #.....       26%         1    ##.....
 Confusing Touch          Hex            #.....       26%         1    ##.....
 Summon Small Mammal      Summ           #...         26%         1    ##.....


Dungeon Overview and Level Annotations

Branches:
Dungeon (3/15)

Altars:
Cheibriados
Trog
Vehumet


Innate Abilities, Weirdness & Mutations

You cannot wear armour.
You are incapable of wielding weapons or throwing items.
Your paws allow you to move quietly. (Stealth)
You have sharp claws.
You have razor-sharp teeth.
You have supernaturally acute eyesight. (SInv)
You are carnivorous and can eat meat at any time.
You cover ground quickly.
You are covered in fur. (AC +1)
You have a slow metabolism.
Your sharp claws are effective at attacking unaware monsters.


Message History

The adder is severely wounded.
The adder misses you.
You barely miss the adder. You bite the adder, but do no damage.
The adder is severely wounded.
The adder misses you.
You scratch the adder but do no damage.
The adder is severely wounded.
You feel sick. The adder closely misses you.
You miss the adder.
The adder is severely wounded.
The adder completely misses you.
You miss the adder.
The adder is severely wounded.
The adder bites you.
* * * LOW HITPOINT WARNING * * *
You are more poisoned.
The adder poisons you!
You scratch the adder.
You kill the adder!
You die...

#####............#
.................#
.................#
.................#
.................#
........##########
........#
........#
.......@#
##.###..# # #..#
#..# ...# ##.## #.
#.


There were no monsters in sight!

Vanquished Creatures
  A phantom (D:2)
  4 adders
  2 worms (D:2)
  3 dart slugs
  3 leopard geckos
  An orc (D:3)
  4 giant cockroaches
  7 goblins (D:1)
  4 hobgoblins
  4 kobolds
  3 quokkas
  A ball python (D:1)
  8 bats
  6 frilled lizards
  9 rats
60 creatures vanquished.

Notes
Turn   | Place    | Note
-------+----------+-------------------------------------------
     0 | D:1      | MisterFreud the Felid Artificer began the quest for the
                  | Orb.
     0 | D:1      | Reached XP level 1. HP: 9/9 MP: 4/4
    49 | D:1      | Reached XP level 2. HP: 7/12 MP: 5/5
   909 | D:1      | Reached XP level 3. HP: 15/15 MP: 6/6
  1061 | D:2      | Noticed a phantom
  1427 | D:2      | Found a snail-covered altar of Cheibriados.
  1724 | D:2      | Found a radiant altar of Vehumet.
  2133 | D:2      | Reached XP level 4. HP: 13/19 MP: 8/8
  2520 | D:2      | Killed a phantom
  2520 | D:2      | Reached XP level 5. HP: 6/22 MP: 9/9
  3075 | D:3      | Noticed a water moccasin
  3087 | D:3      | Noticed an ogre
  3091 | D:3      | HP: 1/22 [poisoned by a water moccasin]
  3115 | D:2      | HP: 1/22 [water moccasin (4)]
  3122 | D:2      | Slain by a water moccasin
  3123 | D:2      | Reached XP level 4. HP: -1/28 MP: 8/8
  3206 | D:3      | Found a bloodstained altar of Trog.
  3536 | D:3      | Succumbed to an adder's poison

Vault maps used:
D:1:      mainiacjoe_arrival_reflecting_pool
D:2:      nicolae_overflow_crystal_walls, serial_co_window_serial,
          co_window_corner_a, co_window_paths_b, co_window_of_opportunity_a,
          co_window_paths_b, co_window_of_opportunity_a, co_window_paths_b,
          co_window_corner_a, co_window_paths_b, co_window_corner_a,
          co_window_cross_4, co_window_2corner, co_window_paths_c,
          co_window_paths_c, nrook_mini_backslash, kennysheep_slug_shrine
D:3:      lemuel_crystal_altar, lemuel_doored_altar, first_ration

Skill      XL: |  1  2  3  4 |
---------------+-------------+-----
Stealth        | 3 4 |  4.0
Evocations     | 4 |  4.0
Unarmed Combat | 4 |  4.2
Fighting       | |  1.0
Dodging        | |  2.6

Action                   |  1- 3 |  4- 6 || total
-------------------------+-------+-------++-------
Melee: Unarmed           |   121 |    99 ||   220
       Bite              |    12 |     5 ||    17
       Punch             |     1 |     1 ||     2
Evoke: Wand              |     2 |     8 ||    10
  Use: Scroll            |       |     6 ||     6
       Potion            |       |     3 ||     3
 Stab: Sleeping          |     9 |     5 ||    14
       Distracted        |       |     1 ||     1
  Eat: Chunk             |    10 |     4 ||    14
Armor: Skin              |     5 |     2 ||     7
Dodge: Dodged            |    89 |    78 ||   167

Table legend:
 A = Non-vault XP
 B = Vault XP
 C = Vault XP percentage of total XP
 D = Non-vault monster count
 E = Vault monster count
 F = Vault count percentage of total count
                 A         B        C        D         E       F
            +---------+---------+-------+---------+---------+-------
      Total |     287 |       4 |   1.4 |      59 |       1 |   1.7
            +---------+---------+-------+---------+---------+-------
        D:1 |      44 |       0 |   0.0 |      26 |       0 |   0.0
        D:2 |     190 |       4 |   2.1 |      18 |       1 |   5.3
        D:3 |      53 |       0 |   0.0 |      15 |       0 |   0.0
            +---------+---------+-------+---------+---------+-------
